 Dungeon Crawl Stone Soup version 0.19.1 (webtiles) character file.

18153 dengaleugle the Nimble (level 12, -10/190 HPs)
             Began as a Troll Berserker on Nov 18, 2016.
             Was a High Priest of Trog.
             Mangled by an 11-headed hydra (13 damage)
             ... on level 12 of the Dungeon on Dec 13, 2016.
             The game lasted 01:06:32 (13238 turns).

dengaleugle the Nimble (Troll Berserker)           Turns: 13238, Time: 01:06:33

Health: -10/190    AC:  8    Str: 40 (41) XL:     12   Next: 25%
Magic:  11/11      EV: 14    Int:  2 (3)  God:    Trog [*****.]
Gold:   741        SH:  0    Dex:  8 (9)  Spells: 0 memorised, 11 levels left

rFire  + . .     SeeInvis .       - Unarmed
rCold  . . .     Gourm    +     D - +1 troll leather armour
rNeg   . . .     Faith    .     (no shield)
rPois  .         Spirit   .     (helmet restricted)
rElec  .         Reflect  .     (no cloak)
rCorr  .         Harm     .     (gloves unavailable)
MR     .....                    (boots unavailable)
Stlth  ..........               (no amulet)
                                (no ring)
                                z - +4 ring of strength

@: berserking, drained, very quick
A: unfitting armour, claws 3, hooves 1, deterioration 2, fire resistance 1, fast
metabolism 3, gourmand, regeneration 1, shaggy fur 1, tough skin 2, evolution 1
a: Berserk, Trog's Hand, Brothers in Arms, Burn Spellbooks, Renounce Religion


You were on level 12 of the Dungeon.
You worshipped Trog.
Trog was extremely pleased with you.
You were not hungry.

You visited 2 branches of the dungeon, and saw 14 of its levels.

You collected 853 gold pieces.
You spent 112 gold pieces at shops.

Inventory:

Missiles
 o - 18 poisoned needles (quivered)
Armour
 c - +0 steam dragon scales
 D - a +1 troll leather armour (worn)
Rods
 p - a +0 rod of clouds (14/14)
   (You found it on level 3 of the Dungeon)
Jewellery
 z - a +4 ring of strength (left claw)
 H - an uncursed ring of poison resistance
 I - an uncursed amulet of magic regeneration
 L - an uncursed ring of ice
Wands
 i - a wand of flame (41/48)
 q - a wand of paralysis (12/24)
 v - a wand of iceblast (3/15)
 y - a wand of lightning (0/15)
 C - a wand of flame (27/48)
 K - a wand of iceblast (6/15)
 M - a wand of polymorph (8/24)
Scrolls
 a - a scroll of magic mapping
 e - 4 scrolls of identify
 j - 7 scrolls of remove curse
 m - 2 scrolls of teleportation
 s - 3 scrolls of enchant weapon
 A - a scroll of brand weapon {unknown}
 G - a scroll of fog
Potions
 f - 2 potions of flight {unknown}
 k - a potion of cancellation {unknown}
 r - 3 potions of agility
 t - a potion of resistance
 w - 2 potions of brilliance
 x - 2 potions of might
 E - 2 potions of magic
 J - 2 potions of haste
Books
 B - a book of Minor Magic

   Spells                             Type                      Level
   a - Magic Dart                     Conjuration                  1
   b - Blink                          Translocation                2
   c - Call Imp                       Summoning                    2
   d - Repel Missiles                 Charms/Air                   2
   e - Slow                           Hexes                        2
   f - Conjure Flame                  Conjuration/Fire             3
   g - Mephitic Cloud                 Conjuration/Poison/Air       3
   Trog disapproves of the use of such an item.
Comestibles
 b - 12 bread rations
 d - 2 royal jellies
 g - 8 meat rations
 l - a slice of pizza
 n - 2 fruits
 u - 7 beef jerkies


   Skills:
 + Level 10.4(10.3) Fighting
 * Level 11.0(10.9) Dodging
 + Level 10.8(10.7) Unarmed Combat


You had 11 spell levels left.
You didn't know any spells.

Dungeon Overview and Level Annotations

Branches:
Dungeon (13/15)            Temple (1/1) D:4            Lair (0/6) D:11
    Orc (0/2) D:11         Vaults (0/5) D:13

Altars:
Ashenzari
Cheibriados
Dithmenos
Elyvilon
Fedhas
Gozag
Hepliaklqana
Kikubaaqudgha
Makhleb
Nemelex Xobeh
Okawaru
Qazlal
Ru
Sif Muna
Trog
Uskayaw
Vehumet
Xom
Yredelemnul
Zin
The Shining One

Shops:
D:5 [   D:10 *}:*:

Portals:
Trove: D:10 (give wand of heal wounds (9))


Innate Abilities, Weirdness & Mutations

You are too large for most types of armour.
You have claws for hands.
Your metabolism is lightning-fast.
You like to eat raw meat.
Your natural rate of healing is unusually fast.
You are covered in fur. (AC +1)
You have very tough skin. (AC +2)
You have large cloven feet.
Your body often deteriorates upon taking damage.
Your flesh is heat resistant. (rF+)
You evolve.


Message History

You tear one of the nine-headed hydra's heads off!
The eight-headed hydra grows two more!
You mangle the ten-headed hydra!! You kick the ten-headed hydra!
The ten-headed hydra is severely wounded.
The shadow slips into darkness.
The shadow flickers and vanishes!
Deactivating autopickup; reactivate with Ctrl-A.
You claw one of the ten-headed hydra's heads off!
The nine-headed hydra grows two more!
You mangle the 11-headed hydra!! You kick the 11-headed hydra.
The 11-headed hydra is almost dead.
The 11-headed hydra bites you but does no damage.
The 11-headed hydra barely misses you. x2; The 11-headed hydra bites you!
* * * LOW HITPOINT WARNING * * *
The 11-headed hydra misses you. The 11-headed hydra bites you!
* * * LOW HITPOINT WARNING * * *
The 11-headed hydra bites you.
* * * LOW HITPOINT WARNING * * *
The 11-headed hydra barely misses you. The 11-headed hydra bites you!
You die...

#.#.#.#.#.#
#.#.#.#...#
####
#.#<#.##..##
...#
#.###.##...#
##.# #.#
#.##...##
##.# #.#
#.###...#
##.# #.# #.#
#...# #.#
#.#
#.####p{#
#.# #.#
#.....D@#
#.###.#
#########
#.....#
#######


You could see a 11-headed hydra and a vault guard.

Vanquished Creatures
  Fannar (D:12)
  The ghost of BoredOne the Demonic Cataclysm, a novice DsFi of Qazlal (D:10)
  The ghost of groda1 the Fighter, a novice MiFi of Okawaru (D:8)
  Sonja (D:10)
  A hill giant (D:11)
  Pikel (D:8)
  3 ugly things
  A cyclops (D:12)
  Joseph (D:8)
  A kobold demonologist (D:11)
  A troll (D:10)
  2 hornets (D:10)
  3 slime creatures (D:12)
  5 hippogriffs
  A shadow (D:11)
  Sigmund (D:2)
  16 yaks
  A basilisk (D:12)
  The ghost of endtime the Skirmisher, an amateur HEFi (D:3)
  2 steam dragons
  Duvessa (D:4)
  2 water moccasins
  13 orc warriors
  An ice beast (D:10)
  5 sky beasts
  2 phantoms
  An eye of draining (D:10)
  2 necrophages
  5 ogres
  3 crocodiles (D:11)
  12 centaurs
  4 big kobolds
  6 bullfrogs
  A gnoll sergeant (D:10)
  A water moccasin skeleton (D:8)
  Dowan (D:4)
  8 killer bees
  8 wights
  4 crimson imps
  6 hounds
  A bullfrog zombie (D:7)
  3 centaur skeletons
  3 jellies
  A bullfrog skeleton (D:9)
  5 orc priests
  An iguana (D:10)
  8 orc wizards
  4 worker ants
  A hound zombie (D:10)
  A hound skeleton (D:4)
  A howler monkey zombie (D:11)
  10 gnolls
  2 river rats (D:11)
  17 adders
  A shadow imp (D:11)
  3 worms
  A dart slug (D:1)
  3 leopard geckos
  63 orcs
  15 bats
  3 giant cockroaches
  8 goblins
  6 hobgoblins
  5 jackals
  6 quokkas
  A ball python (D:1)
  5 frilled lizards
  17 kobolds
  A quokka skeleton (D:4)
  15 rats
  3 fungi (D:11)
345 creatures vanquished.

Vanquished Creatures (others)
  The ghost of foobar the Gusty, an amateur DrAE of Ru (D:7)
  A scorpion (D:8)
  An orc (D:9)
  22 fungi (D:11)
  16 plants (D:11)
41 creatures vanquished.

Grand Total: 386 creatures vanquished

Notes
Turn   | Place    | Note
-------+----------+-------------------------------------------
     0 | D:1      | dengaleugle the Troll Berserker began the quest for the Orb.
     0 | D:1      | Reached XP level 1. HP: 22/22 MP: 0/0
   244 | D:1      | Reached XP level 2. HP: 29/29 MP: 1/1
   623 | D:1      | Reached XP level 3. HP: 36/36 MP: 2/2
   838 | D:2      | Reached ** piety under Trog
   850 | D:2      | Found a faded altar of an unknown god.
  1213 | D:2      | Found a bloodstained altar of Trog.
  1258 | D:2      | Noticed Sigmund
  1266 | D:2      | Killed Sigmund
  1266 | D:2      | Reached skill level 3 in Dodging
  1266 | D:2      | Reached skill level 5 in Unarmed Combat
  1266 | D:2      | Reached XP level 4. HP: 42/45 MP: 3/3
  1266 | D:2      | Reached XP level 5. HP: 49/53 MP: 4/4
  1746 | D:3      | Upgraded the game from 0.19.0-22-gd96e5fe to 0.19.1
  1813 | D:3      | Found a shimmering altar of Xom.
  1865 | D:4      | Reached XP level 6. HP: 60/61 MP: 5/5
  2170 | D:3      | Noticed endtime's ghost (amateur HEFi)
  2181 | D:3      | Killed endtime's ghost
  2379 | D:4      | Found a staircase to the Ecumenical Temple.
  2393 | Temple   | Entered the Ecumenical Temple
  2456 | D:4      | Found a blossoming altar of Fedhas.
  2467 | D:5      | Entered Level 5 of the Dungeon
  2467 | D:5      | Noticed a sky beast
  2516 | D:4      | Reached *** piety under Trog
  2562 | D:4      | Reached XP level 7. HP: 61/70 MP: 6/6
  2736 | D:4      | Noticed Dowan
  2738 | D:4      | Noticed Duvessa
  2741 | D:4      | Killed Dowan
  2741 | D:4      | Reached skill level 4 in Dodging
  2751 | D:4      | Killed Duvessa
  3530 | D:5      | Found a deep blue altar of Sif Muna.
  3530 | D:5      | Found a snail-covered altar of Cheibriados.
  3648 | D:5      | Reached skill level 5 in Dodging
  3666 | D:5      | Gained mutation: Your body sometimes deteriorates upon taking damage. [potion of mutation]
  3666 | D:5      | Gained mutation: Your body often deteriorates upon taking damage. [potion of mutation]
  3666 | D:5      | Gained mutation: You evolve. [potion of mutation]
  3676 | D:5      | Found Qideinn's Armour Shop.
  3941 | D:5      | Reached XP level 8. HP: 76/79 MP: 7/7
  4266 | D:6      | Reached **** piety under Trog
  4328 | D:7      | Noticed foobar's ghost (amateur DrAE)
  4336 | D:7      | Killed foobar's ghost
  4336 | D:7      | Reached skill level 5 in Fighting
  4476 | D:7      | Reached skill level 6 in Dodging
  4570 | D:7      | Found a white marble altar of Elyvilon.
  4620 | D:7      | Noticed a hippogriff
  4630 | D:7      | Killed a hippogriff
  4902 | D:7      | Reached XP level 9. HP: 70/89 MP: 8/8
  5105 | D:8      | Noticed Joseph
  5107 | D:8      | Lost intelligence.
  5116 | D:8      | Killed Joseph
  5118 | D:8      | Noticed Pikel
  5126 | D:8      | Killed Pikel
  5126 | D:8      | Reached skill level 7 in Dodging
  5273 | D:7      | Gained mutation: You have large cloven feet. [evolution]
  5704 | D:8      | Noticed groda1's ghost (novice MiFi)
  5716 | D:8      | Killed groda1's ghost
  5862 | D:8      | Reached XP level 10. HP: 76/102 MP: 9/9
  6014 | D:8      | Reached skill level 8 in Dodging
  6053 | D:8      | Found an iron altar of Okawaru.
  6591 | D:8      | Reached ***** piety under Trog
  6805 | D:10     | Entered Level 10 of the Dungeon
  6805 | D:10     | Found Yvyo's Book Boutique.
  6871 | D:10     | Found Ogameog's Book Shop.
  6965 | D:10     | Found a portal to a secret trove of treasure.
  7211 | D:10     | HP: 4/104 [gnoll sergeant/trident (14)]
  7425 | D:9      | Reached skill level 9 in Dodging
  7713 | D:9      | Found a shadowy altar of Dithmenos.
  7981 | D:9      | Reached XP level 11. HP: 112/112 MP: 10/10
  8003 | D:10     | Found Koute's Assorted Antiques.
  8054 | D:10     | Found Ulusyo's Gadget Boutique.
  8055 | D:10     | Noticed BoredOne's ghost (novice DsFi)
  8072 | D:10     | Killed BoredOne's ghost
  8072 | D:10     | Received a gift from Trog
  8146 | D:10     | Lost intelligence.
  8424 | D:10     | Noticed Sonja
  8689 | D:10     | Found Wutof's General Store.
  8697 | D:10     | Bought a scroll of enchant armour for 112 gold pieces
  8742 | D:10     | Lost intelligence.
  8901 | D:10     | Killed Sonja
  9349 | D:10     | There is a portal to a secret trove of treasure here.
  9399 | D:11     | Found a staircase to the Orcish Mines.
  9416 | D:11     | Lost intelligence.
 10130 | D:11     | Found a shimmering altar of Xom.
 10167 | D:11     | Reached skill level 10 in Unarmed Combat
 10256 | D:10     | Found a basalt altar of Yredelemnul.
 10345 | D:11     | Reached skill level 10 in Dodging
 10425 | D:11     | Noticed a brown ugly thing
 10446 | D:11     | Killed a brown ugly thing
 10806 | D:11     | Received a gift from Trog
 11291 | D:11     | Noticed a hill giant
 11304 | D:11     | Killed a hill giant
 11304 | D:11     | Reached skill level 10 in Fighting
 11400 | D:11     | Gained mutation: Your flesh is heat resistant. (rF+) [evolution]
 11485 | D:11     | Found a staircase to the Lair.
 12067 | D:12     | Reached XP level 12. HP: 103/126 MP: 11/11
 12099 | D:12     | Noticed Fannar
 12114 | D:12     | Killed Fannar
 12226 | D:13     | Noticed an eight-headed hydra
 12242 | D:12     | Received a gift from Trog
 13038 | D:12     | Reached skill level 11 in Dodging
 13062 | D:12     | Found a stormy altar of Qazlal.
 13223 | D:13     | Found a gate to the Vaults.
 13223 | D:13     | Noticed a centaur warrior
 13223 | D:13     | Noticed a vault guard
 13223 | D:13     | Noticed a vault guard
 13223 | D:13     | Noticed a vault guard
 13223 | D:13     | Noticed a vault guard
 13223 | D:13     | Noticed a seven-headed hydra
 13238 | D:12     | HP: 4/190 [11-headed hydra (13)]
 13238 | D:12     | Mangled by an 11-headed hydra

Skill      XL: |  1  2  3  4  5  6  7  8  9 10 11 12 |
---------------+-------------------------------------+-----
Unarmed Combat | 5 6 7 8 9 10 | 10.8
Fighting       | 3 4 5 7 8 10 | 10.4
Dodging        | 3 5 6 7 9 10 11 | 11.0

Action                   |  1- 3 |  4- 6 |  7- 9 | 10-12 || total
-------------------------+-------+-------+-------+-------++-------
Melee: Unarmed           |   145 |    51 |   241 |   641 ||  1078
       Punch             |     1 |       |    10 |    33 ||    44
       Kick              |       |       |    11 |   215 ||   226
Invok: Berserk           |       |     1 |     3 |     9 ||    13
Evoke: Wand              |       |       |       |    12 ||    12
  Use: Potion            |     2 |       |    11 |     3 ||    16
       Scroll            |     2 |     4 |     6 |    10 ||    22
 Stab: Paralysed         |       |       |       |     2 ||     2
  Eat: Chunk             |    17 |    11 |    35 |    73 ||   136
Armor: Animal skin       |    33 |       |       |       ||    33
       Robe              |    25 |    17 |    66 |    54 ||   162
       Troll leather arm |       |       |       |   105 ||   105
Dodge: Dodged            |    85 |    18 |   125 |   449 ||   677
